AoeStats
← 沒起房子我日

Arena

508980928Analyzed
4v4 RM · 7d ago on Sep 24, 2026· 41m 37s· 8 players
Game mode
Random Map
Map size
Large (8 player)
Population
200
Speed
Normal
Resources
Standard
Victory
Conquest
Starting age
Dark Age
Ending age
Imperial Age
RankedLock teamsTeams togetherTeam positionsShared explorationLock speedFull tech treeHidden civsTurbo modeCheats
Victory
Defeat
🇩🇪 Jurchens · Germany
1525
+17
🇬🇧 Lithuanians · United Kingdom
1524
+17
🇹🇼 Maya · Taiwan
1502
+18
🇹🇼 Khmer · Taiwan
1441
+19
🇨🇴 Vikings · Colombia
1570
-19
🇨🇴 Saracens · Colombia
1561
-19
🇨🇴 Berbers · Colombia
1560
-19
🇨🇴 Bulgarians · Colombia
1449
-14
沒起房子我日
0:26 Loom
10:24 Feudal Age
11:25 Double-Bit Axe
14:17 Castle Age
12:40 Horse Collar
15:27 Bow Saw
20:43 Wheelbarrow
21:01 Heavy Plow
22:32 Gold Mining
24:03 Hand Cart
28:45 Imperial Age
26:11 Stone Mining
27:15 Scale Mail Armor
27:25 Forging
27:06 Eagle Warrior
27:47 Squires
28:44 Stone Shaft Mining
28:34 Chain Mail Armor
28:32 Town Watch
30:07 Holcans
30:15 Iron Casting
29:17 Elite Eagle Warrior
32:08 Plate Mail Armor
32:47 Holcans
32:37 Capped Ram
34:39 Blast Furnace
34:00 Siege Ram
36:25 Guilds
37:51 Fletching
38:02 Padded Archer Armor
38:24 Ballistics
39:05 Chemistry
38:39 Conscription
38:50 Bodkin Arrow
39:09 Masonry
39:52 Bracer
40:09 Leather Archer Armor
39:56 Elite Plumed Archer
40:41 Pikeman
42:22 Coinage
MyNameIsLassen
11:38 Feudal Age
12:34 Double-Bit Axe
15:10 Castle Age
14:34 Horse Collar
16:12 Bow Saw
18:43 Wheelbarrow
21:22 Hand Cart
24:00 Gold Mining
24:11 Heavy Plow
25:00 Hand Cart
24:40 Loom
27:36 Imperial Age
25:46 Gold Shaft Mining
25:09 Fletching
25:22 Town Watch
25:40 Padded Archer Armor
25:36 Stone Mining
28:02 Leather Archer Armor
29:11 Thunderclap Bombs
29:38 Ballistics
30:15 Ring Archer Armor
30:13 Thunderclap Bombs
30:24 Siege Engineers
32:02 Conscription
34:40 Masonry
35:35 Heavy Rocket Cart
37:16 Caravan
38:46 Coinage
38:26 Guilds
39:34 Hoardings
39:36 Fortified Wall
40:27 Chemistry
39:30 Bodkin Arrow
40:09 Architecture
Locke
9:59 Feudal Age
13:59 Castle Age
12:07 Double-Bit Axe
12:22 Horse Collar
15:32 Bow Saw
15:26 Loom
22:35 Wheelbarrow
21:45 Town Watch
22:45 Heavy Plow
24:18 Stone Mining
25:48 Hand Cart
28:30 Gold Mining
30:12 Stone Shaft Mining
32:33 Imperial Age
30:35 Scale Barding Armor
30:41 Forging
30:39 Husbandry
30:49 Bloodlines
31:38 Chain Barding Armor
32:22 Treadmill Crane
32:50 Padded Archer Armor
32:41 Fletching
33:04 Masonry
32:52 Elite Skirmisher
34:36 Chemistry
34:46 Two-Man Saw
34:24 Crop Rotation
34:17 Leather Archer Armor
34:11 Bodkin Arrow
35:22 Conscription
35:04 Tower Shields
34:40 Light Cavalry
35:59 Plate Barding Armor
35:52 Bracer
36:23 Ring Archer Armor
36:15 Ballistics
37:46 Iron Casting
36:49 Winged Hussar
38:53 Hoardings
40:15 Architecture
40:07 Caravan
nostop333
10:31 Feudal Age
13:36 Castle Age
11:28 Double-Bit Axe
11:51 Horse Collar
15:13 Bow Saw
15:45 Heavy Plow
16:43 Wheelbarrow
18:43 Stone Mining
20:31 Gold Mining
21:04 Hand Cart
21:56 Gold Shaft Mining
23:10 Stone Shaft Mining
27:10 Imperial Age
26:01 Loom
26:02 Town Watch
28:01 Ballistics
28:34 Conscription
29:23 Chemistry
28:58 Crop Rotation
28:37 Scale Barding Armor
28:33 Elite Ballista Elephant
30:45 Siege Engineers
30:49 Husbandry
31:00 Bloodlines
31:43 Double Crossbow
34:40 Town Patrol
36:49 Chain Barding Armor
36:40 Forging
38:16 Plate Barding Armor
38:17 Iron Casting
37:03 Light Cavalry
38:09 Hussar
40:56 Blast Furnace
VLC | BacTi
11:19 Feudal Age
14:50 Castle Age
13:15 Double-Bit Axe
16:29 Bow Saw
17:13 Horse Collar
17:44 Fletching
22:56 Wheelbarrow
27:22 Imperial Age
25:52 Bodkin Arrow
27:41 Gold Mining
28:32 Ballistics
29:37 Padded Archer Armor
29:38 Bracer
30:05 Heavy Plow
32:44 Chemistry
32:09 Padded Archer Armor
34:08 Scale Mail Armor
34:13 Scale Barding Armor
34:19 Forging
33:57 Loom
34:32 Hand Cart
34:41 Bloodlines
34:32 Husbandry
34:27 Cavalier
VLC | Tithen
10:52 Feudal Age
14:51 Castle Age
12:51 Double-Bit Axe
12:47 Horse Collar
16:00 Bow Saw
15:51 Heavy Plow
15:56 Loom
18:15 Town Watch
22:07 Gold Mining
22:57 Wheelbarrow
27:21 Imperial Age
25:08 Stone Mining
27:05 Scale Barding Armor
27:52 Forging
28:04 Chain Barding Armor
28:06 Hand Cart
29:31 Chemistry
29:19 Plate Barding Armor
30:23 Conscription
32:18 Elite Mameluke
34:49 Counterweights
35:50 Onager
37:49 Ballistics
38:10 Bimaristan
37:25 Siege Onager
39:14 Siege Engineers
VLC | Raconteur
10:35 Feudal Age
14:43 Castle Age
12:30 Horse Collar
13:07 Double-Bit Axe
18:46 Bow Saw
21:26 Heavy Plow
23:19 Town Watch
23:25 Loom
25:45 Stone Mining
26:34 Gold Mining
29:56 Imperial Age
27:56 Squires
28:09 Man-at-Arms
28:36 Arson
29:02 Long Swordsman
29:46 Scale Mail Armor
29:57 Forging
30:26 Chain Mail Armor
30:01 Two-Handed Swordsman
31:47 Conscription
30:57 Champion
32:18 Iron Casting
31:47 Capped Ram
33:04 Chieftains
34:42 Siege Ram
36:47 Plate Mail Armor
36:41 Masonry
37:33 Blast Furnace
VLC | GreenIsland
10:34 Feudal Age
14:45 Castle Age
15:34 Double-Bit Axe
16:28 Bow Saw
16:01 Horse Collar
22:05 Heavy Plow
22:56 Wheelbarrow
23:10 Gold Mining
23:53 Hand Cart
24:04 Loom
28:39 Imperial Age
26:04 Town Watch
28:44 Gambesons
29:00 Squires
28:45 Arson
28:23 Pikeman
29:40 Scale Mail Armor
30:09 Conscription
30:25 Chain Mail Armor
30:21 Forging
30:19 Bagains
31:53 Fletching
32:33 Capped Ram
33:49 Siege Ram
34:50 Siege Engineers
35:46 Chemistry
36:43 Plate Mail Armor
37:34 Iron Casting
40:08 Onager
Connection lost

Rejoining the realm…

Still unreachable

The connection could not be restored.

Session expired

The server has moved on; the page needs a fresh start.